 Dungeon Crawl Stone Soup version 0.31-a0-115-g4708a659fe (webtiles) character file.

Game seed: 4971680380582940192

427 frimble the Sneak (level 6, -3/64 HPs)
             Began as an Octopode Warper on May 30, 2023.
             Slain by a tengu (4 damage)
             ... on level 5 of the Dungeon.
             The game lasted 00:04:27 (3502 turns).

frimble the Sneak (Octopode Warper)                 Turns: 3502, Time: 00:04:28

Health: -3/64      AC: 23    Str: 15    XL:     6   Next: 97%
Magic:  9/9        EV:  2    Int: 16    God:
Gold:   206        SH:  0    Dex: 10    Spells: 7/9 levels left

rFire   + + .        o - +0 rapier
rCold   + . .        (no shield)
rNeg    + . .        (helmet currently unavailable)
rPois   +            (no amulet)
rElec   +            j - ring of protection from fire
rCorr   +            h - ring of willpower
SInv    .            s - ring of positive energy
Will    +....        p - ring of poison resistance
Stlth   ++           (no ring)
HPRegen 0.30/turn    (no ring)
MPRegen 0.11/turn    (no ring)
                     (no ring)

%: no passive effects
@: mighty, tree-form, resistant, attractive
A: stationary, stasis, torment immunity, boosted hp, almost no armour,
(amphibious), 8 rings, (camouflage 1), (gelatinous body 1), (nimble swimmer 1),
(tentacles), strong 1
a: no special abilities


You were on level 5 of the Dungeon.
You were a tree.
You visited 1 branch of the dungeon, and saw 5 of its levels.

You collected 206 gold pieces.

Inventory:

Hand Weapons
 o - a +0 rapier (weapon)
Missiles
 c - 7 boomerangs of dispersal
 e - 7 boomerangs (quivered)
Jewellery
 h - a ring of willpower (right branch)
 j - a ring of protection from fire (left branch)
 p - a ring of poison resistance (on tentacle)
 s - a ring of positive energy (on tentacle)
Wands
 m - a wand of roots (8)
 q - a wand of flame (17)
 t - a wand of polymorph (10)
Scrolls
 l - 2 scrolls of identify {unknown}
 r - a scroll of teleportation {unknown}
Potions
 a - a potion of enlightenment
 d - 2 potions of attraction
 g - a potion of might


   Skills:
 + Level 4.1 Fighting
 + Level 4.0 Short Blades
 - Level 1.1 Throwing
 - Level 2.4 Dodging
 + Level 4.6 Stealth
 - Level 2.1 Spellcasting
 - Level 3.0 Translocations
 + Level 2.8 Evocations


You had 7 spell levels left.
You knew the following spells:

 Your Spells              Type           Power      Damage    Failure   Level
a - Blink                 Tloc           22%        N/A       9%          2

Your spell library contained the following spells:

 Spells                   Type           Power      Damage    Failure   Level
 Lesser Beckoning         Tloc           22%        N/A       9%          2
 Momentum Strike          Conj/Tloc      12%        3d8       17%         2
 Teleport Other           Tloc           11%        N/A       17%         3
 Shock                    Conj/Air       4%         1d3       21%         1
 Summon Small Mammal      Summ           4%         N/A       21%         1
 Scorch                   Fire           2%         2d5       30%         2
 Vhi's Electric Charge    Tloc/Air       12%        N/A       32%         3
 Manifold Assault         Tloc           11%        N/A       50%         4
 Swiftness                Air            1%         N/A       52%         3
 Airstrike                Air            0%         2d(1-17)  90%         4
 Flame Wave               Conj/Fire      1%         2d4       90%         4
 Summon Cactus Giant      Summ           0%         N/A       100%        6


Dungeon Overview and Level Annotations

Branches:
Dungeon (5/15)
 Temple: D:4-7

Altars:
Kikubaaqudgha
Sif Muna
Vehumet

Shops:
D:3 [


Innate Abilities, Weirdness & Mutations

You are a tree.
Your roots penetrate the ground, keeping you stationary.
You cannot be teleported.
You are immune to unholy pain and torment.
Your maximum health is greatly increased.
You cannot wear most types of armour.
((You are amphibious.))
You can wear up to eight rings at the same time.
((Your skin changes colour to match your surroundings (Stealth+).))
((Your rubbery body absorbs attacks. (AC +1, EV +1)))
((You are camouflaged when in or above water. (Stealth+)))
((You have tentacles for arms and can constrict up to eight enemies at once.))
Your muscles are strong. (Str +4, Int/Dex -1)


Message History

* * * LOW HITPOINT WARNING * * *
The tengu claws you.
* * * LOW HITPOINT WARNING * * *
There is a fountain of clear blue water here.
You're too confused to cast spells.
Unknown command.
You enter the shallow water.
An orc comes into view. It is wielding a +0 short sword.
You feel less invigorated.
You feel less confused.
The orc priest shouts!
The orc misses you. The tengu hits you!
* * * LOW HITPOINT WARNING * * *
The tengu pecks you.
* * * LOW HITPOINT WARNING * * *
The tengu claws you but does no damage.
Blink to where?
Press: ? - help, Dir - move target, p - tengu
As you read the scroll of blinking, it crumbles to dust.
It was a potion of attraction.
You feel attractive to monsters.
It was a potion of might.
You feel very mighty all of a sudden. The tengu is attracted toward you.
The tengu is attracted toward you. The orc is attracted toward you.
It was a potion of mutation.
You feel extremely strange.
You feel stronger. The tengu closely misses you. The tengu pecks you.
* * * LOW HITPOINT WARNING * * *
The tengu closely misses you. The orc is attracted toward you.
The orc priest is attracted toward you.
It was a potion of lignification.
You turn into a tree.
Your roots penetrate the ground.
The tengu hits you but does no damage. The tengu pecks you.
* * * LOW HITPOINT WARNING * * *
The tengu barely misses you. The orc is attracted toward you.
It was a potion of resistance.
You feel protected. The tengu hits you.
You die...

#...............#
#.§.....#........
#.#####...#.......
#.# #...##.....
#o# ##... .....
#o# #... ..... #o#
#Q# #♣# #.# #.#
#.# ###


You could see a tengu, an orc priest and 2 orcs.

Vanquished Creatures
  An ogre (D:4)
  A phantom (D:4)
  A howler monkey (D:5)
  A hound (D:4)
  A sleepcap (D:4)
  An iguana (D:5)
  Natasha (twice) (D:3)
  3 adders
  A dart slug (D:2)
  3 orcs
  9 ball pythons
  6 bats
  8 endoplasms
  2 giant cockroaches
  8 goblins
  6 hobgoblins
  3 jackals (D:4)
  8 kobolds
  3 quokkas (D:1)
  3 frilled lizards
  2 rats (D:1)
73 creatures vanquished.

Notes
Turn   | Place    | Note
-------+----------+-------------------------------------------
     0 | D:1      | frimble the Octopode Warper began the quest for the Orb.
     0 | D:1      | Reached XP level 1. HP: 14/14 MP: 3/3
    88 | D:1      | Reached XP level 2. HP: 16/19 MP: 5/5
   525 | D:1      | Reached skill level 1 in Stealth
   721 | D:1      | Reached XP level 3. HP: 22/25 MP: 6/6
   888 | D:2      | Learned a level 2 spell: Blink
  1406 | D:2      | Reached XP level 4. HP: 25/30 MP: 7/7
  1731 | D:3      | Noticed Natasha
  1741 | D:3      | Killed Natasha
  1877 | D:3      | Found Voagir's Antique Armour Shoppe.
  2026 | D:3      | Noticed Natasha
  2052 | D:3      | Killed Natasha
  2053 | D:3      | Reached skill level 1 in Evocations
  2053 | D:3      | Reached XP level 5. HP: 33/36 MP: 8/8
  2204 | D:4      | Found a radiant altar of Vehumet.
  2368 | D:4      | Found an ancient bone altar of Kikubaaqudgha.
  2369 | D:4      | Found a shimmering blue altar of Sif Muna.
  2374 | D:4      | Got Sif Muna's Compendium of Generation
  2456 | D:4      | Noticed a phantom
  2605 | D:4      | Killed a phantom
  2799 | D:4      | Reached XP level 6. HP: 34/42 MP: 9/9
  3350 | D:5      | Entered Level 5 of the Dungeon
  3491 | D:5      | HP: 2/43 [tengu (1)]
  3500 | D:5      | Gained mutation: Your muscles are strong. (Str +4, Int/Dex
                  | -1) [potion of mutation]
  3500 | D:5      | HP: 1/43 [tengu (4)]
  3502 | D:5      | Slain by a tengu

Illustrated notes

Levels and vault maps discovered:
D:1:      dpeg_arrival_leaves_temple_mockup, layout_basic,
          nicolae_kite_square_tiling_tiny
D:2:      layout_basic, minmay_indecisive_spiral
D:3:      layout_rooms, serial_shops, shop, kennysheep_generic_room_13,
          uniq_natasha
D:4:      layout_basic, grunt_temple_overflow_magic_moments
D:5:      layout_rooms, lemuel_tele_altar, yredelemnul_forgotten_temple_becter,
          corexii_leaking_fountain, uniq_crazy_yiuf_cottage, uniq_ijyb,
          uniq_pikel, uniq_duvessa

Skill      XL: |  1  2  3  4  5  6 |
---------------+-------------------+-----
Stealth        | 1 2 3 4 |  4.6
Fighting       | 3 4 |  4.1
Short Blades   | 3 4 |  4.0
Evocations     | 1 2 |  2.8
Throwing       | |  1.1
Dodging        | |  2.4
Spellcasting   | |  2.1
Translocations | |  3.0

Action                     |  1- 3 |  4- 6 || total
---------------------------+-------+-------++-------
  Melee: Short sword       |    83 |    22 ||   105
         Constrict         |    21 |    12 ||    33
         Tentacles         |    19 |    20 ||    39
         Rapier            |       |    83 ||    83
         Punch             |       |     2 ||     2
  Throw: Boomerang         |       |     4 ||     4
   Cast: Blink             |     1 |     5 ||     6
  Evoke: Wand              |       |     8 ||     8
    Use: Scroll            |     1 |     1 ||     2
         Potion            |       |     8 ||     8
   Stab: Sleeping          |     7 |     9 ||    16
 Armour: Skin              |     8 |    10 ||    18
  Dodge: Dodged            |    59 |    60 ||   119

Table legend: (Time is in decaauts)
 A = Elapsed time spent in this place.
 B = Non-inter-level travel time spent in this place.
 C = Inter-level travel time spent in this place.
 D = Time resting spent in this place.
 E = Time spent auto-exploring this place.
 F = Levels seen in this place.
 G = Mean time per level.
                   A        B        C        D        E       F      G
               +--------+--------+--------+--------+--------+-----+--------+
         Total |   3497 |   3403 |     94 |      0 |   2783 |   5 |  699.4 |
       Dungeon |   3497 |   3403 |     94 |      0 |   2783 |   5 |  699.4 |
               +--------+--------+--------+--------+--------+-----+--------+

Top non-repeatable levels by time:
     D:4: 1186 daAuts
     D:1: 851 daAuts
     D:2: 743 daAuts
     D:3: 653 daAuts
     D:5: 63 daAuts
